Map: Disco Bloodbath LE

Players

Harstem - Winner!

  • Race: Protoss Protoss
  • Spawn Location: 3:00

soO

  • Race: Zerg Zerg
  • League: Diamond
  • Spawn Location: 9:00

Event: NationWars 2019

VOD

Have the link to the VOD?

Description

Time

  • Played on: Nov. 12, 2019, 2:37 p.m.
  • Length: 14:17
Show
View Real Time Build Order
Export as new Build Order

Harstem Protoss - Winner!

Build Orders: 1 Gate Expand, Oracle Opening, Archon Immortal 

Get SALT Encoding   

  12  0:00  Probe  
  13  0:13  Probe  
  14  0:18  Pylon  
  14  0:25  Probe  
  15  0:28  Assimilator  
  15  0:37  Probe (Chrono Boost)  
  16  0:47  Probe (Chrono Boost), Gateway  
  17  0:52  Probe (Chrono Boost)  
  18  1:03  Probe  
  19  1:15  Probe  
  20  1:22  Nexus  
  20  1:33  Cybernetics Core  
  20  1:35  Probe  
  21  1:40  Assimilator  
  22  1:47  Probe  
  22  1:50  Pylon  
  22  1:59  Probe  
  23  2:07  Adept (Chrono Boost)  
  23  2:11  Probe  
  23  2:12  Stargate  
  26  2:20  Warp Gate  
  26  2:23  Probe  
  26  2:29  Stalker  
  29  2:35  Probe x2 (Chrono Boost)  
  33  2:45  Probe x2 (Chrono Boost)  
  33  2:50  Probe x2 (Chrono Boost)  
  33  2:56  Oracle (Chrono Boost)  
  38  3:01  Probe  
  38  3:02  Probe  
  40  3:10  Pylon  
  40  3:14  Probe  
  40  3:15  Robotics Facility  
  40  3:16  Probe  
  42  3:26  Probe  
  43  3:29  Probe  
  43  3:32  Nexus  
  44  3:38  Oracle (Chrono Boost), Probe  
  48  3:43  Probe  
  48  3:45  Pylon  
  49  3:50  Probe  
  51  3:55  Probe  
  51  3:59  Assimilator  
  51  4:02  Probe  
  52  4:03  Assimilator  
  52  4:04  Gateway  
  52  4:06  Observer  
  52  4:07  Probe  
  54  4:13  Forge  
  54  4:14  Twilight Council  
  54  4:16  Probe  
  55  4:22  Pylon  
  56  4:27  Immortal (Chrono Boost)  
  56  4:28  Probe  
  60  4:33  Zealot  
  62  4:40  Pylon, Probe  
  62  4:41  Probe  
  64  4:51  Protoss Ground Weapons Level 1, Charge  
  65  4:54  Probe  
  65  4:56  Immortal (Chrono Boost)  
  70  5:00  Probe  
  70  5:01  Zealot  
  72  5:07  Zealot  
  72  5:08  Probe  
  72  5:10  Pylon, Probe  
  77  5:14  Probe  
  77  5:20  Gateway  
  77  5:21  Gateway  
  77  5:23  Probe  
  77  5:24  Probe  
  77  5:25  Sentry  
  77  5:27  Probe  
  82  5:34  Immortal (Chrono Boost)  
  82  5:35  Probe  
  82  5:40  Probe  
  82  5:42  Pylon, Sentry  
  89  5:47  Shield Battery  
  89  5:49  Void Ray (Chrono Boost)  
  89  5:51  Sentry  
  89  5:56  Probe  
  96  5:57  Shield Battery  
  96  6:04  Pylon  
  96  6:09  Zealot  
  96  6:10  Immortal (Chrono Boost)  
  100  6:18  Zealot x2  
  97  6:21  Zealot  
  93  6:31  Sentry  
  94  6:33  Shield Battery  
  94  6:39  Probe, Immortal (Chrono Boost)  
  93  6:40  Zealot  
  93  6:42  Probe  
  93  6:44  Sentry  
  101  6:47  Probe  
  96  6:54  Zealot  
  96  6:56  Probe  
  96  6:59  Probe  
  96  7:00  Probe  
  101  7:07  Pylon x2, Zealot x2  
  105  7:12  Templar Archives  
  105  7:13  Immortal (Chrono Boost)  
  105  7:16  Protoss Ground Weapons Level 2 (Chrono Boost), Zealot  
  105  7:17  Shield Battery  
  101  7:29  Zealot x2  
  101  7:30  Probe  
  101  7:34  Probe  
  104  7:39  Photon Cannon  
  104  7:42  Probe  
  104  7:43  Phoenix (Chrono Boost)  
  105  7:44  Pylon  
  105  7:48  Probe  
  105  7:49  Sentry  
  113  7:52  Sentry  
  113  7:57  Zealot  
  115  7:58  Shield Battery  
  115  8:00  Phoenix (Chrono Boost)  
  117  8:07  Probe  
  117  8:10  Gateway  
  117  8:11  Probe  
  117  8:12  Gateway  
  119  8:13  Gateway  
  119  8:18  Probe, Shield Battery  
  120  8:22  Phoenix (Chrono Boost)  
  120  8:23  Probe  
  117  8:27  High Templar x2, Zealot  
  117  8:28  Probe  
  117  8:29  Photon Cannon  
  117  8:30  Assimilator  
  117  8:32  Assimilator, Shield Battery  
  117  8:33  Archon  
  124  8:38  Phoenix (Chrono Boost)  
  124  8:39  Probe  
  124  8:40  Probe  
  128  8:46  Probe  
  128  8:48  Pylon  
  129  8:51  Pylon, Probe, Zealot  
  129  8:52  Photon Cannon  
  129  8:55  Phoenix (Chrono Boost)  
  133  9:04  Fleet Beacon  
  133  9:07  Pylon  
  133  9:08  Shield Battery  
  133  9:12  Pylon  
  133  9:16  Phoenix (Chrono Boost), Zealot x3  
  141  9:23  Photon Cannon  
  141  9:25  High Templar x2, Zealot  
  141  9:30  Pylon  
  141  9:31  Archon  
  147  9:35  Phoenix  
  149  9:41  Zealot x2  
  153  9:46  Anion Pulse-Crystals (Chrono Boost)  
  153  9:53  Zealot x2  
  153  9:58  Phoenix  
  154  10:09  Nexus  
  154  10:15  Probe  
  154  10:16  Phoenix (Chrono Boost)  
  154  10:17  Stargate  
  154  10:18  Protoss Air Weapons Level 1 (Chrono Boost)  
  155  10:22  Photon Cannon  
  155  10:26  Zealot x5  
  165  10:40  Probe  
  165  10:42  Gateway  
  166  10:45  Phoenix (Chrono Boost)  
  166  10:46  High Templar  
  166  10:47  High Templar, Gateway  
  172  10:50  Pylon  
  172  10:52  Pylon, Archon  
  172  10:54  Pylon  
  172  11:06  Photon Cannon  
  172  11:07  Phoenix  
  172  11:09  Stalker  
  172  11:10  Stalker x3  
  176  11:12  Phoenix  
  162  11:21  High Templar x2  
  162  11:27  Archon  
  162  11:32  Phoenix, Probe  
  155  11:37  Phoenix  
  153  11:42  Probe  
  153  11:43  Zealot x5  
  164  11:55  Stalker x2  
  164  11:57  Phoenix  
  169  12:02  Phoenix  
  159  12:17  Zealot x6  
  159  12:22  Phoenix  
  165  12:23  Probe  
  165  12:25  Probe  
  165  12:27  Phoenix  
  165  12:30  Probe  
  156  12:39  Observer  
  140  12:47  Phoenix, Probe  
  140  12:48  Probe  
  140  12:49  Probe  
  145  12:51  Assimilator  
  145  12:52  Phoenix, High Templar x2  
  145  12:53  Probe  
  145  12:55  Assimilator  
  145  12:57  Archon  
  145  12:58  Zealot x3  
  158  13:03  Probe  
  159  13:06  Pylon  
  159  13:12  Phoenix, Pylon  
  161  13:17  Phoenix  
  154  13:30  Phoenix  
  154  13:36  High Templar x2  
  154  13:37  Probe  
  154  13:38  Probe, Photon Cannon  
  160  13:42  Phoenix, Archon  
  160  13:44  Zealot x4  
  154  14:07  Zealot  
  154  14:08  Zealot x5  
Show
View Real Time Build Order
Export as new Build Order

soO Zerg 

Build Orders: Hatch First 

Get SALT Encoding   

  12  0:01  Drone  
  13  0:12  Overlord  
  13  0:16  Drone  
  14  0:30  Drone x2  
  16  0:48  Hatchery  
  15  0:51  Drone  
  15  0:55  Drone  
  17  0:58  Drone  
  18  1:09  Extractor  
  17  1:13  Spawning Pool  
  17  1:16  Drone  
  17  1:19  Drone  
  18  1:28  Drone  
  19  1:38  Drone  
  20  1:49  Hatchery  
  20  1:51  Drone  
  20  2:00  Drone, Queen  
  23  2:04  Drone  
  24  2:10  Drone  
  24  2:14  Overlord  
  25  2:22  Queen  
  27  2:27  Metabolic Boost  
  27  2:30  Drone  
  27  2:33  Zergling x2  
  27  2:35  Zergling x2  
  30  2:42  Queen  
  32  2:45  Drone  
  32  2:47  Drone  
  32  2:50  Overlord  
  34  2:54  Drone  
  34  2:58  Drone  
  36  3:03  Drone  
  37  3:08  Queen  
  37  3:10  Drone  
  37  3:12  Drone  
  41  3:17  Drone x2  
  41  3:18  Drone  
  44  3:21  Queen  
  44  3:23  Drone  
  47  3:31  Drone x2  
  47  3:32  Spore Crawler  
  47  3:33  Drone  
  49  3:35  Drone  
  49  3:38  Overlord  
  50  3:46  Lair  
  50  3:52  Overlord  
  50  3:57  Drone x4  
  50  3:58  Drone x4  
  58  4:05  Spore Crawler  
  58  4:09  Drone  
  58  4:11  Drone x2  
  58  4:13  Extractor  
  58  4:15  Extractor  
  58  4:18  Spore Crawler, Drone x2  
  58  4:21  Zergling x6  
  58  4:23  Drone x2  
  64  4:24  Drone x2  
  64  4:29  Overlord  
  66  4:32  Roach Warren, Overlord  
  66  4:37  Overlord  
  65  4:41  Overlord  
  65  4:45  Extractor  
  63  4:47  Nydus Network  
  63  4:50  Drone x3  
  63  4:51  Drone  
  64  5:01  Overseer, Drone  
  65  5:12  Roach x2  
  65  5:13  Roach x5  
  79  5:24  Zergling x8  
  79  5:25  Zergling x4, Overlord  
  79  5:26  Nydus Canal  
  85  5:37  Zergling x4, Roach x2  
  90  5:46  Ravager  
  90  5:47  Ravager x3  
  90  5:48  Zergling x10  
  99  5:51  Zergling x4, Nydus Canal, Queen  
  103  5:59  Roach  
  103  6:00  Overlord  
  105  6:07  Roach  
  104  6:13  Zergling x2, Roach  
  104  6:14  Overlord  
  102  6:20  Roach x2  
  102  6:21  Roach  
  102  6:22  Zergling x4, Roach x2  
  102  6:24  Zergling x2  
  114  6:30  Extractor  
  114  6:31  Spire  
  111  6:34  Nydus Canal  
  111  6:36  Roach  
  110  6:40  Roach  
  110  6:41  Roach x2  
  110  6:43  Queen  
  110  6:44  Overlord  
  110  6:46  Extractor  
  116  6:47  Zergling x4  
  116  6:48  Nydus Canal  
  114  6:56  Overlord  
  114  6:57  Overlord  
  114  7:01  Glial Reconstitution  
  114  7:02  Overlord, Queen  
  114  7:05  Nydus Canal  
  116  7:10  Zergling x10  
  103  7:23  Roach  
  103  7:25  Zergling x4, Roach  
  102  7:31  Zergling x4  
  102  7:32  Drone  
  100  7:48  Mutalisk x5  
  110  7:56  Mutalisk  
  112  8:05  Mutalisk x2  
  105  8:08  Zergling x8  
  105  8:10  Zergling x4  
  105  8:11  Drone x2  
  117  8:14  Zerg Flyer Weapons Level 1  
  117  8:18  Mutalisk  
  119  8:22  Drone x4, Hatchery  
  121  8:28  Drone  
  121  8:29  Drone  
  123  8:38  Mutalisk x2  
  123  8:40  Zergling x2  
  128  8:45  Mutalisk  
  130  8:49  Mutalisk  
  130  8:51  Drone  
  130  8:52  Drone  
  134  8:57  Drone x2  
  134  8:58  Drone x6  
  142  9:08  Extractor  
  141  9:10  Extractor  
  141  9:13  Overlord  
  141  9:14  Overlord x3  
  140  9:28  Overlord  
  140  9:37  Corruptor x6  
  152  9:41  Overlord  
  152  9:46  Drone x3  
  152  9:48  Mutalisk x2  
  159  9:54  Mutalisk x2  
  159  9:56  Zergling x2  
  159  9:57  Zergling x10  
  169  10:09  Mutalisk x3  
  169  10:13  Mutalisk  
  173  10:17  Zergling x16  
  181  10:25  Mutalisk  
  181  10:26  Mutalisk x2  
  187  10:30  Zergling x10  
  191  10:38  Ravager x3  
  191  10:40  Zergling x4, Roach x2  
  200  10:52  Spine Crawler  
  200  10:54  Spine Crawler  
  198  11:03  Zerg Flyer Weapons Level 2  
  172  11:21  Mutalisk x7  
  155  11:41  Mutalisk x4  
  155  11:42  Zergling x2  
  155  11:43  Zergling x34  
  169  11:58  Mutalisk x3  
  169  11:59  Zergling x8  
  164  12:15  Mutalisk x4  
  146  12:18  Zergling x12  
  156  12:30  Corruptor x3  
  144  12:46  Corruptor x3  
  144  12:49  Drone  
  144  12:53  Corruptor  
  146  13:01  Corruptor  
  148  13:08  Hatchery, Corruptor  
  149  13:16  Mutalisk  
  149  13:17  Mutalisk  
  153  13:26  Corruptor  
  147  13:32  Zergling x20  
  155  13:40  Corruptor x2  
Tags
 
Add a new tag
Caveats
  • Supply blocks, unpowered buildings, or Contaminate may cause inaccurate times.
  • Supply counts are checked every 10 seconds.